 Dungeon Crawl Stone Soup version 0.21-a0-210-gbfa5647 (webtiles) character file.

51 Kidiri the Magician (level 3, -1/19 HPs)
             Began as a Deep Elf Fire Elementalist on Aug 21, 2017.
             Shot with a sling bullet by a goblin (3 damage)
             ... on level 2 of the Dungeon.
             The game lasted 00:05:21 (1458 turns).

Kidiri the Magician (Deep Elf Fire Elementalist)    Turns: 1458, Time: 00:05:22

Health: -1/19      AC:  4    Str:  5    XL:     3   Next: 57%
Magic:  5/11       EV: 13    Int: 20    God:
Gold:   64         SH:  0    Dex: 17    Spells: 2/11 levels left

rFire    . . .     SeeInvis .   j - +2 short sword (venom)
rCold    . . .     Gourm    .   (no shield)
rNeg     . . .     Faith    .   a - +0 robe
rPois    .         Spirit   .   (no helmet)
rElec    .         Reflect  .   (no cloak)
rCorr    .         Harm     .   (no gloves)
MR       .....                  i - +1 pair of boots
Stlth    ++........             (no amulet)
HPRegen  0.06/turn              (no ring)
MPRegen  0.12/turn              (no ring)

@: no status effects
A: agile 1, mutation resistance 1
a: no special abilities


You were on level 2 of the Dungeon.
You were hungry.

You visited 1 branch of the dungeon, and saw 2 of its levels.

You collected 64 gold pieces.

Inventory:

Hand Weapons
 j - a +2 short sword of venom (weapon)
Armour
 a - a +0 robe (worn)
 i - a +1 pair of boots (worn)
Scrolls
 k - a scroll of identify {unknown}
Books
 b - a book of Flames

   Spells                             Type                      Level
   a - Flame Tongue                   Conjuration/Fire             1
   b - Throw Flame                    Conjuration/Fire             2
   c - Conjure Flame                  Conjuration/Fire             3
   d - Inner Flame                    Hexes/Fire                   3
   e - Sticky Flame                   Conjuration/Fire             4
   f - Fireball                       Conjuration/Fire             5
Comestibles
 c - 2 bread rations
 d - a royal jelly
 m - a chunk of flesh


   Skills:
 - Level 2.4 Dodging
 - Level 2.4 Stealth
 * Level 4.8 Spellcasting
 + Level 2.0 Conjurations
 + Level 3.5 Fire Magic


You had 2 spell levels left.
You knew the following spells:

 Your Spells              Type           Power        Failure   Level  Hunger
a - Flame Tongue          Conj/Fire      ###..        3%          1    None
b - Throw Flame           Conj/Fire      ###...       5%          2    #......
c - Conjure Flame         Conj/Fire      ###.....     11%         3    ##.....
d - Inner Flame           Hex/Fire       ##......     17%         3    ##.....


Dungeon Overview and Level Annotations

Branches:
Dungeon (2/15)

Altars:

Annotations:
D:2 Robin


Innate Abilities, Weirdness & Mutations

You are agile. (Dex +2)
You are somewhat resistant to further mutation.


Message History

As you read the scroll labeled NOESCHIYXEO, it crumbles to dust.
You hear a loud clanging noise!
It was a scroll of noise.
You hear a shout!
You hear an angry hiss. x3; You hear a shout! x4
Robin completely misses you.
As you read the scroll labeled ARAMOOFRID, it crumbles to dust.
It is a scroll of recharging.
You aren't carrying any rechargeable items.
Robin hits you but does no damage.
As you read the scroll labeled WUROUL CICKAB, it crumbles to dust.
The creatures around you are filled with an inner flame!
It was a scroll of immolation.
Robin completely misses you.
As you read the scroll labeled LOTRUAS CITH, it crumbles to dust.
You feel blessed for a moment.
It was a scroll of remove curse.
Robin hits you with a falchion.
* * * LOW HITPOINT WARNING * * *
Items here: ( )))) †† The goblin unwields an uncursed club.
The goblin wields a hunting sling.
The goblin shoots a sling bullet.
The sling bullet hits you.
You die...

.............#
.............#
............#
...........#
.#........####..
##......#......
##.###....####
##.#.######......###
#..<.w)g)@..####.#
......#####g# .#
#..#. #.# ## # ..
#.# .# #.. # #..
g... #..


You could see a worm (inner flame), Robin (inner flame) and a goblin.

Vanquished Creatures
  3 worms (D:2)
  A dart slug (D:1)
  3 giant cockroaches (D:1)
  12 goblins
  6 hobgoblins
  2 bats (D:1)
  5 kobolds (D:1)
  6 rats (D:1)
38 creatures vanquished.

Notes
Turn   | Place    | Note
-------+----------+-------------------------------------------
     0 | D:1      | Kidiri the Deep Elf Fire Elementalist began the quest for the Orb.
     0 | D:1      | Reached XP level 1. HP: 10/10 MP: 6/6
     2 | D:1      | Noticed a minotaur
     4 | D:1      | Noticed a ghoul
     4 | D:1      | Noticed a human
     6 | D:1      | Noticed a felid
     8 | D:1      | Noticed a tengu
    10 | D:1      | Noticed a vampire
    10 | D:1      | Noticed a naga
    12 | D:1      | Noticed a halfling
    12 | D:1      | Noticed a demonspawn
    14 | D:1      | Noticed a demigod
    14 | D:1      | Noticed a gargoyle
    16 | D:1      | Noticed a spriggan
    16 | D:1      | Noticed an elf
    18 | D:1      | Noticed a merfolk
    18 | D:1      | Noticed a draconian
    20 | D:1      | Noticed an ogre
    20 | D:1      | Noticed a troll
    22 | D:1      | Noticed a formicid
    24 | D:1      | Noticed a centaur
    24 | D:1      | Noticed a dwarf
    34 | D:1      | Noticed a vine stalker
    34 | D:1      | Noticed an octopode
   240 | D:1      | Reached XP level 2. HP: 15/15 MP: 5/8
   248 | D:1      | Learned a level 2 spell: Throw Flame
   563 | D:1      | Reached skill level 4 in Spellcasting
  1218 | D:2      | Reached XP level 3. HP: 7/19 MP: 2/10
  1224 | D:2      | Learned a level 3 spell: Conjure Flame
  1228 | D:2      | Learned a level 3 spell: Inner Flame
  1422 | D:2      | Noticed Robin
  1452 | D:2      | Gained mutation: You are somewhat resistant to further mutation. [potion of mutation]
  1452 | D:2      | Gained mutation: You are agile. (Dex +2) [potion of mutation]
  1458 | D:2      | Shot with a sling bullet by a goblin

Vault maps used:
D:1:      kb_arrival_jail, minmay_pentomino_p2
D:2:      chequers_ecumenical_altar_island, minmay_unequal, uniq_robin,
          uniq_sigmund

Skill      XL: |  1  2  3 |
---------------+----------+-----
Spellcasting   | 4 |  4.8
Conjurations   | 2 |  2.0
Dodging        | |  2.4
Stealth        | |  2.4
Fire Magic     | |  3.5

Action                   || total
-------------------------++-------
Melee: Unarmed           ||     1
       Dagger            ||     5
       Short sword       ||    26
 Cast: Flame Tongue      ||    38
       Conjure Flame     ||     2
  Use: Scroll            ||     4
       Potion            ||     1
 Stab: Sleeping          ||     6
  Eat: Chunk             ||     1
Armor: Robe              ||     9
Dodge: Dodged            ||    32

Table legend:
 A = Spawn XP
 B = Non-spawn XP
 C = Spawn XP percentage of total XP
 D = Spawn monster count
 E = Non-spawn monster count
 F = Spawn count percentage of total count
 G = Total turns spent on level
                    A         B        C        D         E        F      G
               +---------+---------+-------+---------+---------+-------+---------
         Total |       2 |      71 |   2.7 |       2 |      36 |   5.3 |  1458
               +---------+---------+-------+---------+---------+-------+---------
           D:1 |       2 |      32 |   5.9 |       2 |      21 |   8.7 |  1193
           D:2 |       0 |      39 |   0.0 |       0 |      15 |   0.0 |   265
               +---------+---------+-------+---------+---------+-------+---------
